Map: Acid Plant LE

Players

Serral - Winner!

  • Race: Zerg Zerg
  • Spawn Location: 5:00

Zest

  • Race: Protoss Protoss
  • Spawn Location: 11:00

Event: IEM Season 12 - Katowice

VOD

Have the link to the VOD?

Description

Time

  • Played on: March 2, 2018, 10:24 a.m.
  • Length: 13:46

All games in this series

Show
View Real Time Build Order
Export as new Build Order

Serral Zerg - Winner!

Build Orders: Hatch First 

Get SALT Encoding   

  12  0:00  Drone  
  13  0:13  Overlord  
  13  0:17  Drone  
  14  0:31  Drone  
  14  0:32  Drone  
  16  0:48  Hatchery  
  15  0:51  Drone  
  15  0:55  Drone  
  17  1:08  Spawning Pool  
  17  1:10  Extractor  
  15  1:13  Drone  
  15  1:17  Drone  
  17  1:20  Drone  
  18  1:28  Drone  
  19  1:39  Overlord  
  19  1:51  Drone  
  20  1:56  Queen  
  20  2:00  Queen, Zergling x2  
  25  2:01  Drone  
  26  2:10  Metabolic Boost  
  26  2:12  Drone  
  27  2:16  Drone  
  27  2:21  Drone  
  29  2:25  Drone  
  30  2:37  Hatchery  
  30  2:40  Drone  
  30  2:42  Drone  
  31  2:48  Queen  
  33  2:53  Overlord  
  33  2:55  Zergling x2  
  33  2:58  Drone  
  35  3:00  Drone  
  36  3:12  Drone x2  
  38  3:14  Overlord  
  38  3:15  Drone  
  38  3:16  Drone x2  
  41  3:26  Drone x2  
  43  3:32  Queen  
  45  3:35  Overlord  
  45  3:36  Drone x2, Spore Crawler  
  45  3:37  Drone  
  45  3:39  Spore Crawler  
  46  3:47  Lair  
  46  3:48  Drone x2  
  48  3:51  Drone  
  48  3:55  Queen  
  49  3:59  Overlord  
  49  4:00  Drone x2  
  54  4:03  Drone  
  54  4:07  Extractor x2  
  54  4:08  Drone  
  54  4:09  Drone x2  
  56  4:13  Queen  
  56  4:16  Drone x2  
  60  4:18  Drone  
  60  4:22  Drone x3  
  64  4:26  Zergling x6  
  64  4:30  Overlord  
  67  4:32  Zergling x2  
  67  4:33  Zergling x2  
  69  4:38  Zergling x2  
  69  4:39  Zergling x6  
  73  4:45  Overseer  
  73  4:50  Hydralisk Den  
  73  4:51  Drone x2  
  73  4:54  Drone x3  
  73  4:55  Overlord  
  73  4:59  Overlord  
  76  5:02  Overlord  
  76  5:08  Zergling x8  
  76  5:12  Overlord  
  76  5:13  Overlord  
  79  5:20  Hydralisk  
  81  5:22  Hydralisk  
  77  5:30  Hydralisk  
  77  5:31  Hydralisk x3  
  80  5:36  Drone  
  80  5:37  Drone x3  
  80  5:39  Muscular Augments  
  80  5:41  Extractor  
  80  5:42  Evolution Chamber  
  81  5:45  Overseer  
  81  5:46  Drone  
  81  5:47  Drone  
  81  5:48  Hydralisk  
  81  5:49  Baneling Nest  
  84  5:51  Hydralisk  
  86  5:59  Hydralisk x2  
  86  6:00  Extractor  
  86  6:03  Drone  
  90  6:05  Drone x2  
  92  6:12  Zerg Missile Weapons Level 1  
  92  6:13  Overlord  
  92  6:14  Drone  
  92  6:17  Drone  
  94  6:23  Drone  
  95  6:29  Hydralisk x3  
  101  6:33  Drone x2  
  101  6:34  Hatchery, Zergling x2  
  101  6:35  Zergling x2  
  101  6:39  Zergling x4  
  106  6:41  Overlord  
  106  6:46  Overlord  
  106  6:50  Grooved Spines  
  106  6:52  Centrifical Hooks  
  106  6:54  Extractor  
  106  6:55  Drone  
  106  6:56  Drone x3  
  106  6:58  Overlord  
  106  6:59  Hydralisk x3  
  106  7:00  Zergling x2  
  116  7:04  Zergling x8  
  120  7:09  Overlord  
  119  7:16  Baneling x6, Zergling x2  
  119  7:17  Zergling x2  
  119  7:19  Baneling x2  
  122  7:23  Hydralisk x3  
  122  7:24  Zergling x10  
  122  7:26  Baneling  
  122  7:27  Baneling  
  122  7:29  Baneling x2  
  133  7:30  Zergling x6  
  133  7:34  Hatchery  
  135  7:37  Baneling x5  
  135  7:38  Zergling x6  
  135  7:43  Overlord  
  142  7:50  Baneling x7  
  142  7:52  Overlord  
  142  7:55  Zergling x14  
  142  7:56  Baneling x6  
  145  7:58  Overlord  
  145  8:01  Overlord  
  145  8:13  Hydralisk x2  
  145  8:14  Hydralisk, Zergling x8  
  155  8:23  Hydralisk x4  
  163  8:31  Hydralisk x2  
  163  8:32  Hydralisk, Zergling x6  
  169  8:39  Zergling x8  
  173  8:45  Drone  
  173  8:47  Drone  
  175  8:49  Drone x3  
  175  8:52  Drone x2  
  180  8:57  Baneling x8  
  165  9:04  Hydralisk x3  
  165  9:05  Zergling x10  
  170  9:13  Hydralisk x2  
  156  9:17  Zergling x8  
  156  9:21  Zergling x10  
  163  9:25  Overseer  
  151  9:34  Hydralisk  
  151  9:35  Hydralisk x2, Zergling x10  
  160  9:42  Zerg Missile Weapons Level 2  
  160  9:43  Baneling x14  
  160  9:45  Overlord  
  160  9:46  Overlord  
  160  9:47  Drone x2  
  160  9:51  Hydralisk x2  
  160  9:52  Zergling x10  
  171  9:59  Hatchery  
  170  10:01  Overlord x2  
  170  10:03  Hydralisk  
  170  10:04  Hydralisk x2, Zergling x4  
  178  10:19  Hydralisk x3  
  178  10:20  Zergling x22  
  194  10:26  Drone x2  
  194  10:27  Infestation Pit  
  195  10:29  Overlord  
  195  10:30  Overlord, Pneumatized Carapace  
  195  10:34  Baneling x8  
  195  10:44  Zergling x8  
  195  10:47  Baneling x6  
  199  10:52  Baneling x5  
  199  10:55  Overlord  
  197  10:58  Overlord  
  197  11:00  Overlord  
  197  11:03  Zergling x32  
  149  11:12  Hydralisk  
  149  11:13  Hydralisk x4  
  157  11:22  Zergling x16  
  157  11:23  Baneling  
  157  11:24  Baneling x5  
  165  11:27  Baneling x5  
  165  11:30  Zergling x8  
  165  11:32  Drone  
  170  11:33  Drone  
  170  11:37  Baneling x7  
  167  11:47  Zergling x18  
  167  11:52  Zergling x10  
  167  11:57  Baneling x6  
  165  12:02  Zergling x16  
  165  12:06  Baneling x6  
  169  12:21  Zergling x32  
  167  12:33  Hydralisk x2, Zergling x2  
  167  12:34  Zergling x14  
  165  12:39  Zergling x18  
  162  12:46  Hydralisk x3  
  162  12:47  Zergling x4  
  141  12:53  Hydralisk x4  
  141  12:55  Baneling x5  
  141  12:56  Baneling  
  145  13:01  Baneling x12  
  145  13:08  Hydralisk, Zergling x2  
  145  13:09  Zergling x10  
  153  13:20  Baneling x10  
  153  13:25  Zergling x14  
  160  13:28  Hatchery  
Show
View Real Time Build Order
Export as new Build Order

Zest Protoss 

Build Orders: 1 Gate Expand, Archon Immortal, Zealot Archon, Archon Drop, Dark Templar Rush 

Get SALT Encoding   

  12  0:00  Probe  
  13  0:12  Probe  
  14  0:17  Pylon  
  14  0:25  Probe (Chrono Boost)  
  15  0:37  Probe (Chrono Boost)  
  15  0:39  Gateway  
  16  0:44  Probe (Chrono Boost)  
  16  0:46  Assimilator  
  17  0:51  Probe  
  18  1:03  Probe  
  19  1:15  Probe  
  20  1:25  Nexus  
  20  1:33  Cybernetics Core  
  20  1:36  Probe  
  21  1:43  Assimilator  
  21  1:49  Probe  
  21  1:53  Pylon  
  22  2:01  Probe (Chrono Boost)  
  23  2:09  Adept (Chrono Boost)  
  23  2:13  Probe (Chrono Boost)  
  26  2:22  Probe (Chrono Boost)  
  27  2:24  Warp Gate  
  27  2:28  Stalker  
  29  2:35  Probe (Chrono Boost)  
  29  2:36  Probe (Chrono Boost), Twilight Council  
  32  2:46  Probe (Chrono Boost)  
  32  2:47  Probe (Chrono Boost)  
  32  2:51  Probe (Chrono Boost)  
  33  2:55  Robotics Facility  
  33  2:58  Probe  
  35  3:03  Probe  
  36  3:13  Probe  
  36  3:15  Probe  
  36  3:16  Dark Shrine  
  38  3:25  Gateway  
  38  3:29  Gateway  
  38  3:30  Gateway  
  38  3:32  Probe  
  39  3:34  Probe  
  40  3:45  Warp Prism (Chrono Boost)  
  40  3:46  Probe x2  
  44  3:48  Pylon  
  44  3:51  Assimilator  
  44  3:55  Assimilator  
  44  3:58  Probe x2  
  46  4:05  Pylon  
  46  4:10  Probe x2  
  48  4:22  Probe x2  
  50  4:33  Dark Templar x4  
  50  4:34  Probe  
  50  4:35  Probe  
  50  4:36  Pylon  
  60  4:54  Pylon  
  60  4:57  Archon, Nexus  
  60  4:59  Archon  
  60  5:05  Zealot x4  
  68  5:12  Pylon, Charge, Observer (Chrono Boost)  
  69  5:17  Forge  
  69  5:35  Immortal (Chrono Boost)  
  65  5:36  Probe  
  66  5:44  Sentry x3  
  66  5:46  Zealot  
  66  5:47  Protoss Ground Weapons Level 1 (Chrono Boost), Shield Battery  
  74  5:53  Gateway  
  74  5:55  Gateway  
  74  5:56  Gateway  
  74  6:01  Observer  
  74  6:07  Immortal (Chrono Boost)  
  74  6:09  Probe x3  
  81  6:31  Probe x3  
  84  6:33  Pylon  
  84  6:34  Immortal (Chrono Boost)  
  84  6:35  Pylon  
  84  6:37  Pylon  
  88  6:44  Dark Templar x4  
  96  6:51  Archon x2  
  96  6:53  Observer  
  96  6:54  Probe x3  
  99  7:02  Observer (Chrono Boost)  
  99  7:05  Zealot  
  99  7:06  Zealot x2  
  106  7:08  Probe x2  
  106  7:09  Probe  
  106  7:11  Pylon  
  106  7:12  Pylon  
  109  7:16  Zealot x2  
  109  7:17  Zealot x2  
  117  7:31  Probe x3  
  117  7:32  Robotics Facility  
  117  7:34  Assimilator  
  120  7:40  Assimilator  
  120  7:42  Immortal (Chrono Boost)  
  120  7:43  Probe x3  
  123  7:47  Protoss Ground Weapons Level 2 (Chrono Boost)  
  127  7:54  Robotics Facility  
  127  7:58  Probe x2  
  127  7:59  Probe  
  130  8:12  Pylon, Immortal (Chrono Boost)  
  134  8:20  Templar Archives  
  134  8:25  Immortal  
  142  8:41  Immortal  
  142  8:45  Pylon  
  142  8:47  Pylon x2, Nexus  
  142  8:49  Pylon  
  142  8:51  Pylon  
  142  8:52  Immortal  
  134  9:04  Observer  
  134  9:07  Zealot x4  
  134  9:08  Zealot x3  
  117  9:20  Immortal (Chrono Boost)  
  117  9:21  Sentry x2  
  110  9:24  Immortal (Chrono Boost)  
  110  9:28  Psionic Storm  
  110  9:30  Zealot x5  
  110  9:31  Immortal (Chrono Boost)  
  114  9:50  High Templar x2  
  114  9:51  Sentry, High Templar x2  
  124  9:55  Nexus  
  124  9:56  Archon x2  
  124  9:57  Immortal (Chrono Boost)  
  124  9:59  Zealot x2  
  136  10:09  Pylon  
  136  10:12  Immortal x2 (Chrono Boost)  
  140  10:35  Pylon x2  
  140  10:37  Zealot x7  
  140  10:39  Protoss Shields Level 1 (Chrono Boost), Immortal (Chrono Boost)  
  158  10:45  Immortal (Chrono Boost)  
  162  10:59  Zealot  
  162  11:00  Zealot x5  
  126  11:16  Immortal x2 (Chrono Boost)  
  130  11:26  High Templar x4  
  130  11:27  Sentry  
  130  11:31  Photon Cannon  
  140  11:32  Photon Cannon  
  140  11:40  Observer (Chrono Boost)  
  140  11:42  Pylon, Nexus  
  138  11:48  Archon x2  
  121  11:56  High Templar  
  121  11:57  High Templar  
  124  12:05  Warp Prism, High Templar  
  124  12:06  Warp Prism  
  130  12:08  High Templar  
  130  12:09  Zealot x3  
  106  12:31  Zealot  
  95  12:39  Zealot x5  
  103  12:48  Archon  
  93  12:57  Observer, High Templar x2  
  97  13:05  Pylon, Nexus  
  97  13:06  High Templar x2  
  97  13:07  High Templar  
  97  13:08  Observer (Chrono Boost)  
  104  13:17  Probe x2  
  106  13:26  High Templar  

Tags
 
Add a new tag
Caveats
  • Supply blocks, unpowered buildings, or Contaminate may cause inaccurate times.
  • Supply counts are checked every 10 seconds.